 Dungeon Crawl Stone Soup version 0.30-a0-881-g1ff12e1e11 (webtiles) character file.

Game seed: 12074839659647185145

2800 Maxmaps the Fighter (level 9, -3/77 HPs)
             Began as a Demonspawn Gladiator on Mar 14, 2023.
             Was an Elder of Cheibriados.
             Shot with an arrow by a centaur (6 damage)
             ... on level 8 of the Dungeon.
             The game lasted 00:08:18 (6532 turns).

Maxmaps the Fighter (Demonspawn Gladiator)          Turns: 6532, Time: 00:08:19

Health: -3/77      AC:  9    Str: 24    XL:     9   Next: 44%
Magic:  0/9        EV: 13    Int: 21    God:    Cheibriados [****..]
Gold:   398        SH:  0    Dex: 25    Spells: 8/8 levels left

rFire   . . .      SeeInvis .    a - +0 quarterstaff
rCold   . . .      Faith    .    (shield currently unavailable)
rNeg    . . .      Spirit   +    s - +0 scale mail
rPois   .          Reflect  .    (helmet restricted)
rElec   .          Rampage  .    (no cloak)
rCorr   .                        (no gloves)
Will    .....                    (no boots)
Stlth   +                        i - amulet of guardian spirit
HPRegen 0.32/turn                (no ring)
MPRegen 0.11/turn                (no ring)

@: lethally poisoned (-3 -> -12), very slow
A: antennae 2, icy blue scales 2, icemail 1, condensation shield
a: Renounce Religion, Bend Time, Temporal Distortion, Slouch


You were on level 8 of the Dungeon.
You worshipped Cheibriados.
Cheibriados was greatly pleased with you.
You visited 1 branch of the dungeon, and saw 8 of its levels.

You collected 398 gold pieces.

Inventory:

Hand Weapons
 a - a +0 quarterstaff (weapon)
 y - a +1 flail of protection
Missiles
 d - 3 throwing nets (quivered)
 e - 4 javelins
Armour
 s - a +0 scale mail (worn)
Jewellery
 i - an amulet of guardian spirit (around neck)
Wands
 r - a wand of light (8)
 D - a wand of paralysis (3)
Scrolls
 c - a scroll of summoning {unknown}
 j - a scroll of enchant armour {unknown}
 k - a scroll of immolation {unknown}
 l - 2 scrolls of blinking {unknown}
 m - 13 scrolls of identify {unknown}
 n - 4 scrolls of teleportation {unknown}
 v - 2 scrolls of torment {unknown}
 w - a scroll of magic mapping {unknown}
 x - 2 scrolls of amnesia {unknown}
Potions
 b - a potion of haste
 f - a potion of cancellation
 g - a potion of brilliance {unknown}
 h - 5 potions of curing {unknown}
 o - 2 potions of attraction {unknown}
 p - a potion of berserk rage {unknown}
 q - a potion of flight {unknown}
 t - 3 potions of heal wounds {unknown}
 u - a potion of magic {unknown}
 z - a potion of might {unknown}
 A - a potion of ambrosia {unknown}
 B - a potion of resistance {unknown}
 C - a potion of mutation {unknown}


   Skills:
 + Level 9.5 Fighting
 - Level 7.4 Staves
 - Level 1.8 Throwing
 - Level 2.7 Armour
 - Level 4.2 Dodging
 - Level 0.8 Stealth
 - Level 1.1 Shields


You had 8 spell levels left.
You didn't know any spells.
Your spell library contained the following spells:

 Spells                   Type           Power      Damage    Failure   Level
 Magic Dart               Conj           0%         1d3       41%         1
 Sandblast                Erth           0%         2d4       41%         1
 Sting                    Tmut/Pois      0%         1d3       41%         1
 Summon Small Mammal      Summ           0%         N/A       41%         1
 Passwall                 Tmut/Erth      0%         N/A       54%         2
 Poisonous Vapours        Pois/Air       0%         N/A       54%         2
 Searing Ray              Conj           0%         2d4       54%         2
 Call Canine Familiar     Summ           0%         N/A       78%         3
 Stone Arrow              Conj/Erth      0%         3d7       78%         3
 Summon Guardian Golem    Hex/Summ       0%         N/A       78%         3
 Fulminant Prism          Conj/Hex       0%         3d5       99%         4
 Olgreb's Toxic Radiance  Pois           0%         N/A       99%         4
 Summon Forest            Summ/Tloc      0%         N/A       100%        5
 Summon Mana Viper        Hex/Summ       0%         N/A       100%        5
 Summon Cactus Giant      Summ           0%         N/A       100%        6


Dungeon Overview and Level Annotations

Branches:
Dungeon (8/15)             Temple (0/1) D:5
   Lair: D:8-11

Altars:
Cheibriados
Hepliaklqana
Uskayaw
Wu Jian
Yredelemnul

Annotations:
D:8 Erica


Innate Abilities, Weirdness & Mutations

You have a pair of antennae on your head.
You are mostly covered in icy blue scales. (AC +3)
A meltable icy envelope protects you from harm. (AC +0)
A meltable shield of frost defends you. (SH +0)


Message History

The centaur hits you but does no damage.
The centaur kicks you. Erica attacks as you move away!
Erica hits you with a +0 scimitar of flaming.
Your icy defences dissipate!
Erica burns you.
The centaur wields a +0 shortbow.
The centaur shoots an arrow.
The arrow closely misses you. Erica hits you but does no damage.
Erica hits you with a +0 scimitar of flaming.
Erica burns you.
Okay, then.
You thump Erica!
Erica is lightly wounded.
Erica gestures wildly while chanting.
Erica flickers and vanishes!
Deactivating autopickup; reactivate with Ctrl-A.
The centaur shoots an arrow.
You barely miss something.
The centaur shoots an arrow.
You hear some strange, mumbled words.
You are confused.
You hear some strange, mumbled words.
A bolt of poison appears from out of thin air!
The bolt of poison hits you!!
You are poisoned.
* * * LOW HITPOINT WARNING * * *
It was a potion of haste.
You feel yourself speed up.
Cheibriados forgives your accidental hurry, just this once.
* * * LOW HITPOINT WARNING * * *
You feel very sick.
The centaur shoots an arrow.
Something hits you!
* * * LOW HITPOINT WARNING * * *
Something burns you.
It was a potion of cancellation.
Your magical effects are unravelling.
You feel magically purged.
You feel yourself speed up.
You feel yourself slow down.
You feel less confused.
* * * LOW HITPOINT WARNING * * *
You feel very sick.
The centaur shoots an arrow.
The arrow hits you!
You die...

#.# #.# ##
#.# . . #.#
. #.#.. ##.#
#.##.#.#
#.#.#
#..>..c#
#...#
#{###...#
#@......###.
#.#.........
#.#...(.###
#.........#
####...##.#
##.###.# #.
#<# #.# #.#
#.# #.# #.#
#.# #.# #..


You could see a centaur.

Vanquished Creatures
  Sigmund (D:2)
  3 water moccasins
  An orc warrior (D:6)
  A black bear (D:7)
  2 ogres
  A centaur (D:7)
  3 phantoms
  3 kobold brigands
  4 bullfrogs
  2 scorpions
  8 killer bees (D:8)
  3 hounds
  3 jellies
  An orc priest (D:7)
  2 sleepcaps
  Jessica (D:2)
  An iguana (D:5)
  5 orc wizards
  A scorpion zombie (D:4)
  A mummy (D:3)
  3 gnolls (D:5)
  9 adders
  A shadow imp (D:7)
  4 adder zombies (D:4)
  A worm (D:2)
  A dart slug (D:2)
  26 orcs
  6 bats
  6 endoplasms
  4 giant cockroaches
  6 goblins
  6 hobgoblins
  4 jackals (D:2)
  4 quokkas
  10 ball pythons
  A frilled lizard (D:2)
  25 kobolds
  5 rats
169 creatures vanquished.

Notes
Turn   | Place    | Note
-------+----------+-------------------------------------------
     0 | D:1      | Maxmaps the Demonspawn Gladiator began the quest for the
                  | Orb.
     0 | D:1      | Reached XP level 1. HP: 16/16 MP: 1/1
   367 | D:1      | Gained mutation: You have a pair of small antennae on your
                  | head. [demonic ancestry]
   367 | D:1      | Reached XP level 2. HP: 22/22 MP: 2/2
   662 | D:2      | Gained mutation: You are partially covered in icy blue
                  | scales. (AC +2) [demonic ancestry]
   662 | D:2      | Reached XP level 3. HP: 24/27 MP: 3/3
   999 | D:2      | Noticed Sigmund
  1022 | D:2      | Killed Sigmund
  1023 | D:2      | Reached skill level 1 in Armour
  1023 | D:2      | Gained mutation: A meltable shield of frost defends you.
                  | (SH +0) [demonic ancestry]
  1023 | D:2      | Reached XP level 4. HP: 11/34 MP: 4/4
  1023 | D:2      | Gained mutation: You have a pair of antennae on your head.
                  | [demonic ancestry]
  1023 | D:2      | Reached XP level 5. HP: 13/39 MP: 5/5
  1235 | D:2      | Noticed Jessica
  1239 | D:2      | Killed Jessica
  1792 | D:3      | You fall into a shaft and drop 3 floors!
  1803 | D:6      | Gained mutation: A meltable icy envelope protects you from
                  | harm. (AC +0) [demonic ancestry]
  1803 | D:6      | Reached XP level 6. HP: 45/46 MP: 4/6
  1815 | D:5      | Entered Level 5 of the Dungeon
  1833 | D:5      | Identified the +6 sling of Embarrassment {heavy, rCorr}
  1870 | D:4      | Reached skill level 5 in Staves
  2412 | D:3      | Found a snail-covered altar of Cheibriados.
  2423 | D:3      | Became a worshipper of Cheibriados the Contemplative
  2618 | D:4      | Found a basalt altar of Yredelemnul.
  2668 | D:4      | Reached * piety under Cheibriados
  2890 | D:4      | Reached skill level 3 in Fighting
  3233 | D:5      | Reached XP level 7. HP: 40/52 MP: 5/7
  3505 | D:5      | Found a staircase to the Ecumenical Temple.
  3546 | D:5      | Reached ** piety under Cheibriados
  3730 | D:5      | Reached skill level 1 in Shields
  4266 | D:6      | Gained mutation: You are mostly covered in icy blue scales.
                  | (AC +3) [demonic ancestry]
  4266 | D:6      | Reached XP level 8. HP: 57/60 MP: 8/8
  4921 | D:6      | Reached skill level 4 in Fighting
  5081 | D:6      | Found an ornate altar of the Wu Jian Council.
  5137 | D:6      | Reached *** piety under Cheibriados
  5138 | D:6      | Reached skill level 5 in Fighting
  5437 | D:7      | Reached skill level 6 in Fighting
  5567 | D:7      | Reached skill level 7 in Fighting
  5732 | D:7      | Reached XP level 9. HP: 72/72 MP: 9/9
  5987 | D:7      | Reached skill level 8 in Fighting
  5987 | D:7      | Reached **** piety under Cheibriados
  6394 | D:8      | Reached skill level 9 in Fighting
  6493 | D:8      | Found a hazy altar of Hepliaklqana.
  6493 | D:8      | Found a hide-covered altar of Uskayaw.
  6521 | D:8      | Noticed Erica
  6532 | D:8      | HP: 3/77 [poisoned by Erica (bolt of poison)]
  6532 | D:8      | Shot with an arrow by a centaur

Illustrated notes

Levels and vault maps discovered:
D:1:      lightli_molten_gateway, layout_loops_ring
D:2:      layout_basic, minmay_misc_feat_square, nicolae_titane, uniq_jessica,
          uniq_sigmund
D:3:      layout_loops_ring, slow_altar_2
D:4:      layout_loops_ring, nicolae_yredelemnul_corpse_copse
D:5:      layout_loops_cross, minmay_temple_entry_large_hall, kennysheep_path_1
D:6:      layout_basic, nzn_wu_jian_council_hall
D:7:      layout_loops_ring
D:8:      layout_loops_ring, chequers_temple_overflow_statue_of_worship,
          uniq_psyche, uniq_erica, uniq_prince_ribbit1, uniq_maurice

Skill      XL: |  1  2  3  4  5  6  7  8  9 |
---------------+----------------------------+-----
Dodging        | 3 4 |  4.2
Staves         | 3 4 5 6 7 |  7.4
Armour         | 1 2 |  2.7
Fighting       | 3 7 9 |  9.5
Shields        | 1 |  1.1
Throwing       | |  1.8
Stealth        | |  0.8

Action                     |  1- 3 |  4- 6 |  7- 9 || total
---------------------------+-------+-------+-------++-------
  Melee: Quarterstaff      |    99 |   203 |   385 ||   687
    Use: Potion            |       |       |     2 ||     2
 Armour: Ring mail         |    37 |    19 |       ||    56
         Leather armour    |     3 |       |       ||     3
         Scale mail        |       |    83 |   164 ||   247
  Dodge: Dodged            |    74 |   101 |   212 ||   387
  Block: Other             |       |    35 |    68 ||   103

Table legend: (Time is in decaauts)
 A = Elapsed time spent in this place.
 B = Non-inter-level travel time spent in this place.
 C = Inter-level travel time spent in this place.
 D = Time resting spent in this place.
 E = Time spent auto-exploring this place.
 F = Levels seen in this place.
 G = Mean time per level.
                   A        B        C        D        E       F      G
               +--------+--------+--------+--------+--------+-----+--------+
         Total |   7903 |   7535 |    368 |    351 |   5660 |   8 |  987.9 |
       Dungeon |   7903 |   7535 |    368 |    351 |   5660 |   8 |  987.9 |
               +--------+--------+--------+--------+--------+-----+--------+

Top non-repeatable levels by time:
     D:6: 1663 daAuts
     D:5: 1374 daAuts
     D:7: 1113 daAuts
     D:4: 1031 daAuts
     D:3: 889 daAuts
     D:2: 820 daAuts
     D:1: 609 daAuts
     D:8: 402 daAuts
